 Dungeon Crawl Stone Soup version 0.31.0-11-ge490571c62 (webtiles) character file.

Game seed: 8099234448781890224

1355354 boberto the Conqueror (level 27, 289/290 HPs)
             Began as an Oni Brigand on Feb 1, 2024.
             Was a High Priest of Hepliaklqana.
             Escaped with the Orb
             ... and 3 runes!
             The game lasted 07:02:56 (120040 turns).

boberto the Conqueror (Oni Brigand)               Turns: 120040, Time: 07:02:56

Health: 289/290    AC: 32    Str: 40    XL:     27
Magic:  48/48      EV:  6    Int: 12    God:    Hepliaklqana [*****.]
Gold:   4481       SH: 19    Dex: 10    Spells: 44/68 levels left

rFire   + + .        H - +9 morningstar (heavy)
rCold   + + .        m - +2 kite shield
rNeg    + . .        V - +12 gold dragon scales
rPois   +            t - +0 hat "Wiopoagh" {rCorr Str+3}
rElec   .            d - scarf {rC+ rF+}
rCorr   +            (gloves unavailable)
SInv    .            (boots unavailable)
Will    +++..        B - amulet of reflection Stlth
                     n - ring of willpower
HPRegen 0.68/turn    Y - ring "Danew" {Fly rN+ Str+4}
MPRegen 0.31/turn

%: reflection
@: flying, studying Dodging
A: reduced essence, large, unfitting armour, horns 1, tough skin 1, double
potion healing, drunken brawling, poison resistance
0: Orb of Zot
}: 3/15 runes: barnacled, silver, gossamer
a: Renounce Religion, Recall Ancestor, Ancestor Identity, Transference, Idealise


You escaped.
You worshipped Hepliaklqana.
Hepliaklqana was extremely pleased with you.
You visited 11 branches of the dungeon, and saw 50 of its levels.
You visited 1 bazaar.
You also visited: Trove, Ossuary, Bailey, Gauntlet and Ice Cave.

You collected 10650 gold pieces.
You spent 6169 gold pieces at shops.

Inventory:

Hand Weapons
 D - the +5 whip of Daumesch {spect, rPois rN+++ Str+2 Int-4}
   (You took it off an orc warrior on level 4 of the Vaults)

   Str+2:     It affects your strength (+2).
   Int-4:     It affects your intelligence (-4).
   rPois:     It protects you from poison rN+++: It renders you almost immune to
   negative energy.
 H - a +9 heavy morningstar (weapon)
Missiles
 e - 19 poisoned darts
 h - 88 large rocks (quivered)
 k - 12 curare-tipped darts
 r - 21 javelins
 v - 3 darts of dispersal
 F - 49 boomerangs
 W - 3 throwing nets
 Z - 17 silver javelins
Armour
 d - a scarf of resistance (worn)
 m - a +2 kite shield (worn)
 t - the +0 hat "Wiopoagh" (worn) {rCorr Str+3}
   (You found it on level 4 of the Vaults)

   Str+3:     It affects your strength (+3).
   rCorr:     It protects you from acid and corrosion.
 V - +12 gold dragon scales (worn)
Jewellery
 b - a ring of see invisible
 n - a ring of willpower (left hand)
 q - the ring "Juill" {Wiz Str+3 Dex+2}
   (You found it in a treasure trove)

   [ring of wizardry]

   Wiz:       It improves your spell success rate.
   Str+3:     It affects your strength (+3).
   Dex+2:     It affects your dexterity (+2).
 B - an amulet of reflection (around neck)
 S - a ring of protection from fire
 Y - the ring "Danew" (right hand) {Fly rN+ Str+4}
   (You found it in an ice cave)

   [ring of positive energy]

   Str+4:     It affects your strength (+4).
   rN+:       It protects you from negative energy.
   Fly:       It grants you flight.
Wands
 y - a wand of digging (1)
 P - a wand of paralysis (55)
 T - a wand of light (32)
Scrolls
 j - 17 scrolls of teleportation
 l - 7 scrolls of fog
 o - 11 scrolls of fear
 s - 3 scrolls of poison
 u - 4 scrolls of enchant weapon
 x - a scroll of revelation
 z - 4 scrolls of blinking
 A - a scroll of enchant armour
 I - 8 scrolls of vulnerability
 L - a scroll of butterflies
 X - a scroll of silence
Potions
 a - 6 potions of curing
 c - 5 potions of heal wounds
 f - a potion of ambrosia
 g - 2 potions of brilliance
 i - 2 potions of haste
 p - a potion of invisibility
 w - 2 potions of magic
 C - 2 potions of might
 E - 5 potions of berserk rage
 M - 3 potions of enlightenment
 N - 4 potions of resistance
 O - 10 potions of mutation
 R - 5 potions of cancellation
Miscellaneous
 G - a phantom mirror
 K - a sack of spiders


   Skills:
 O Level 27 Fighting
 - Level 1.7 Short Blades
 - Level 16.0 Maces & Flails
 + Level 21.4 Throwing
 - Level 13.5 Armour
 - Level 4.5 Dodging
 - Level 2.9 Stealth
 - Level 13.5 Shields
 - Level 21.1 Spellcasting
 - Level 10.9 Hexes
 - Level 16.7 Translocations
 - Level 6.6 Air Magic
 + Level 20.4 Invocations
 - Level 1.6 Evocations


You had 44 spell levels left.
You knew the following spells:

 Your Spells              Type           Power      Damage    Failure   Level
a - Manifold Assault      Tloc           51%        N/A       1%          4
b - Lesser Beckoning      Tloc           100%       N/A       1%          2
c - Dimensional Bullseye  Hex/Tloc       22%        N/A       1%          4
d - Apportation           Tloc           100%       N/A       1%          1
e - Tukima's Dance        Hex            39%        N/A       1%          3
f - Passage of Golubria   Tloc           51%        N/A       1%          4
g - Vhi's Electric Charg  Tloc/Air       80%        N/A       3%          4
z - Blink                 Tloc           100%       N/A       1%          2

Your spell library contained the following spells:

 Spells                   Type           Power      Damage    Failure   Level
 Slow                     Hex            100%       N/A       1%          1
 Confusing Touch          Hex            39%        N/A       1%          3
 Sigil of Binding         Hex            39%        N/A       1%          3
 Momentum Strike          Conj/Tloc      64%        3d9       2%          2
 Ensorcelled Hibernation  Hex/Ice        50%        N/A       8%          2
 Swiftness                Air            28%        N/A       9%          3
 Shock                    Conj/Air       80%        1d8       12%         1
 Dazzling Flash           Conj/Hex       50%        N/A       14%         3
 Inner Flame              Hex/Fire       25%        N/A       14%         3
 Iskenderun's Mystic Bla  Conj/Tloc      32%        2d8       16%         4
 Mercury Vapours          Alch/Air       40%        N/A       19%         2
 Static Discharge         Conj/Air       40%        3-5/arc   19%         2
 Cigotuvi's Dreadful Rot  Necr/Alch/Air  36%        N/A       28%         2
 Airstrike                Air            14%        2d(2-18)  30%         4
 Silence                  Hex/Air        16%        N/A       34%         5
 Summon Forest            Summ/Tloc      16%        N/A       38%         5
 Freeze                   Ice            48%        1d6       43%         1
 Kiss of Death            Conj/Necr      48%        2d9       43%         1
 Magic Dart               Conj           48%        1d5       43%         1
 Necrotise                Necr           48%        1d6       43%         1
 Sting                    Conj/Alch      48%        1d6       43%         1
 Summon Small Mammal      Summ           48%        N/A       43%         1
 Anguish                  Hex/Necr       12%        N/A       43%         4
 Mephitic Cloud           Conj/Alch/Air  18%        N/A       50%         3
 Call Imp                 Summ           24%        N/A       56%         2
 Scorch                   Fire           24%        2d6       56%         2
 Sublimation of Blood     Necr           12%        N/A       56%         2
 Summon Lightning Spire   Summ/Air       20%        N/A       75%         4
 Call Canine Familiar     Summ           12%        N/A       80%         3
 Frozen Ramparts          Ice            24%        1d4       80%         3
 Fugue of the Fallen      Necr           12%        N/A       80%         3
 Hailstorm                Conj/Ice       12%        3d6       80%         3
 Ozocubu's Armour         Ice            12%        N/A       80%         3
 Passwall                 Erth           12%        N/A       80%         3
 Summon Ice Beast         Ice/Summ       12%        N/A       80%         3
 Vampiric Draining        Necr           12%        2d6       80%         3
 Metabolic Englaciation   Hex/Ice        12%        N/A       80%         5
 Summon Mana Viper        Hex/Summ       25%        N/A       80%         5
 Yara's Violent Unravell  Hex/Alch       12%        3d7       80%         5
 Arcjolt                  Conj/Air       10%        1d20      97%         5
 Animate Armour           Summ/Erth      24%        N/A       99%         4
 Animate Dead             Necr           12%        N/A       99%         4
 Dispel Undead            Necr           12%        3d9       99%         4
 Flame Wave               Conj/Fire      12%        2d6       99%         4
 Ignite Poison            Fire/Alch      12%        N/A       99%         4
 Leda's Liquefaction      Alch/Erth      6%         N/A       99%         4
 Olgreb's Toxic Radiance  Alch           12%        N/A       99%         4
 Petrify                  Alch/Erth      12%        N/A       99%         4
 Sticky Flame             Fire/Alch      12%        2d5       99%         4
 Summon Blazeheart Golem  Fire/Summ      12%        N/A       99%         4
 Freezing Cloud           Conj/Ice/Air   9%         6-21      99%         5
 Borgnjor's Vile Clutch   Necr/Erth      6%         N/A       100%        5
 Curse of Agony           Necr           12%        N/A       100%        5
 Fireball                 Conj/Fire      6%         3d5       100%        5
 Irradiate                Conj/Alch      6%         3d13      100%        5
 Lee's Rapid Deconstruct  Erth           6%         3d6*      100%        5
 Death Channel            Necr           6%         N/A       100%        6
 Plasma Beam              Fire/Air       10%        2x1d21    100%        6
 Sculpt Simulacrum        Ice/Alch       6%         N/A       100%        6
 Summon Cactus Giant      Summ           6%         N/A       100%        6
 Haunt                    Necr/Summ      6%         N/A       100%        7
 Malign Gateway           Summ/Tloc      16%        N/A       100%        7
 Monstrous Menagerie      Summ           6%         N/A       100%        7
 Ozocubu's Refrigeration  Ice            6%         4d8       100%        7
 Borgnjor's Revivificati  Necr           6%         N/A       100%        8
 Discord                  Hex            19%        N/A       100%        8
 Ignition                 Fire           6%         3d4       100%        8
 Infestation              Necr           6%         N/A       100%        8
 Lehudib's Crystal Spear  Conj/Erth      6%         10d3      100%        8
 Maxwell's Capacitive Co  Air            14%        ∞         100%        8
 Summon Horrible Things   Summ           6%         N/A       100%        8
 Chain Lightning          Conj/Air       10%        3d13      100%        9
 Death's Door             Necr           6%         N/A       100%        9
 Polar Vortex             Ice            6%         N/A       100%        9


Dungeon Overview and Level Annotations

Branches:
Dungeon (15/15)            Temple (0/1) D:5            Lair (5/5) D:9
 Shoals (4/4) Lair:2       Spider (4/4) Lair:3        Slime (0/5) Lair:4
    Orc (2/2) D:9             Elf (3/3) Orc:2        Vaults (5/5) D:14
  Crypt (2/3) Vaults:3     Depths (4/4) D:15           Hell (visited)
    Zot (5/5) Depths:4    Ossuary (visited)          Bailey (visited)
  IceCv (visited)         Gauntlet (visited)
    Dis: Hell:1         Geh: Hell:1         Coc: Hell:1         Tar: Hell:1

Altars:
Ashenzari
Cheibriados
Elyvilon
Fedhas
Gozag
Hepliaklqana
Kikubaaqudgha
Nemelex Xobeh
Okawaru
Qazlal
Ru
Sif Muna
Uskayaw
Vehumet
Xom
Yredelemnul
Zin
The Shining One
Jiyva
Lugonu

Shops:
D:1 =*   D:14 *   Orc:2 :![?   Elf:1 ?   Elf:2 (   Elf:3 :   Shoals:3 *
Vaults:1 *([:=   Vaults:2 (   Vaults:3 [   Vaults:4 *   Depths:2 [   Depths:3 [

Portals:
Hell: Depths:1 Depths:2 Depths:3 Depths:4
Abyss: Lair:5 Depths:3
Pandemonium: Orc:2 Depths:2 Depths:3
Ziggurat: Depths:2

Annotations:
Vaults:2 2 transporters, Kipt's ghost, adept SpFE
Depths:3 2 transporters
Hell Geryon


Innate Abilities, Weirdness & Mutations

Your life essence is reduced to manifest your ancestor. (-10% HP)
You are too large for most types of armour.
You have a pair of small horns on your head.
You have tough skin. (AC +1)
You gain doubled healing and magic from potions.
Whenever you drink a healing potion, you attack all around you.
Your system is resistant to poisons. (rPois)


Message History

Danger: Brimstone Fiend |T3| Reason: Torment and not torment immune!
Danger: Brimstone Fiend |T2| Reason: Damnation in LOS, careful!
Cipactli gestures at the Brimstone Fiend while chanting.
The crystal spear hits the Brimstone Fiend!!
Danger: Brimstone Fiend |T3| Reason: Torment and not torment immune!
Danger: Brimstone Fiend |T3| Reason: Torment and not torment immune!
You see here a +0 robe.
You hear the wailing of the damned!
There is a stone staircase leading up here.
You fly upwards.
There is a stone staircase leading down here.
Cipactli is recalled.
You swap places.
There is a stone staircase leading up here.
Magic restored.
You fly upwards.
There is a stone staircase leading down here.
What level of the Dungeon? (default 1, ? - help)
You swap places.
There is a stone staircase leading up here.
You fly upwards.
An efreet comes into view.
It is wielding a +0 scimitar of flaming.
There is a stone staircase leading down here.
Danger: efreet |T2| Reason: OOD monster, careful!
Casting: Vhi's Electric Charge (mildly dangerous; 3% risk of failure)
Confirm with . or Enter, or press ? or * to list all spells.
Space momentarily warps into an impossible shape!
You pound the efreet like an anvil!!!
You kill the efreet!
What level of the Dungeon? (default 1, ? - help)
There is a stone staircase leading up here.
You fly upwards.
Magic restored.
There is a stone staircase leading down here.
Ancestor HP restored.
Things that are here:
2 stones; a +0 club
There is an open door here.
There is an open door here.
There is a staircase leading out of the dungeon here.
You have escaped!

#.###'## ##>## ##+#######
#.##...######...######...## #.
#.#.......................####.
#.#..⌠........⌠........⌠..#..).
#.#.......................#.##.
#.##...######...######...##..#.
#.###### #####'##### ######....
###.# ##....R....## ###.. ....#
#..♣..@..♣..# ### #####
##.........## # ########### ###
# #.# # #.# # #.# # #.# #
###### #######.####
.....####### #........##.


You could see the friendly Cipactli the battlemage.

Vanquished Creatures
  4 dread liches
  2 orbs of fire (Zot:5)
  The ghost of Heisao the Wrestler, a legendary TrBe of Trog (Zot:2)
  2 ancient liches
  A juggernaut (Depths:2)
  Xtahua (Vaults:5)
  Vv (Depths:2)
  Josephina (Depths:2)
  4 Killer Klowns (Zot:5)
  The ghost of Dochoekk the Slayer, a veteran MiFi of Okawaru (Vaults:4)
  2 curse toes
  Margery (Vaults:5)
  6 caustic shrikes
  5 golden dragons
  The ghost of Jetyrhek the Devastator, a veteran GrEE of Lugonu (Crypt:2)
  the Enchantress (Depths:2)
  6 bone dragons (Zot:3)
  A Tzitzimitl (D:5)
  A hellephant (Vaults:5)
  4 tentacled monstrosities
  12 Orb Guardians (Zot:5)
  2 liches
  2 walking earthen tomes (Depths:2)
  2 walking frostbound tomes
  7 sphinxes
  3 death cobs
  5 titans
  A deep elf blademaster (Elf:2)
  2 quicksilver dragons
  2 ancient champions
  A kraken (Shoals:4)
  6 tengu reavers
  9 storm dragons
  6 shadow dragons
  A draconian knight (Zot:5)
  2 emperor scorpions (Spider:4)
  16 fire giants
  5 draconian monks
  8 frost giants
  4 deep elf sorcerers
  An iron dragon (Vaults:5)
  3 draconian scorchers
  3 draconian shifters
  A deep elf elementalist (Elf:3)
  12 vault wardens
  4 ghost moths
  A reaper (D:8)
  A caustic shrike zombie (Crypt:2)
  5 ghouls
  21 ironbound preservers
  4 formless jellyfish
  7 spriggan defenders
  12 very ugly things
  4 draconian stormcallers (Zot:1)
  2 draconian annihilators
  4 broodmothers
  3 ironbound thunderhulks
  8 stone giants
  A juggernaut skeleton (Crypt:2)
  9 deep elf death magi
  A deep elf annihilator (Elf:3)
  3 vampire knights
  6 black draconians
  5 green draconians
  2 deep elf demonologists
  3 purple draconians
  The ghost of dchavez06 the Spear-Bearer, a journeyman DsFi of Makhleb (Lair:3)
  7 dire elephants
  A war gargoyle (Vaults:1)
  3 white draconians
  A minotaur (Gauntlet)
  6 spark wasps
  4 red draconians
  3 yellow draconians
  An eidolon (Crypt:2)
  A crystal guardian (Vaults:2)
  6 merfolk impalers
  7 merfolk javelineers
  10 ettins
  10 jiangshi
  3 fire dragons
  2 entropy weavers
  5 deep elf high priests
  4 great orbs of eyes
  6 yaktaur captains
  A hydra (Lair:3)
  Fannar (Lair:2)
  A catoblepas (D:13)
  3 rakshasas
  28 vault guards
  4 spriggan air magi
  3 ogre magi
  5 radroaches
  2 demonspawn (Orc:2)
  2 peacekeepers
  A spriggan skeleton (Crypt:1)
  6 boulder beetles
  A jorogumo (Spider:2)
  5 merfolk aquamancers
  3 merfolk avatars
  A hell beast (Depths:1)
  13 centaur warriors
  6 ironbound frosthearts
  15 dancing weapons
  4 two-headed ogres
  A death scarab (Spider:3)
  2 two-headed ogres (shapeshifter)
  8 death yaks
  6 tengu warriors
  2 satyrs (Shoals:4)
  3 demonic crawlers
  6 spriggan berserkers
  4 thrashing horrors
  3 deep troll earth magi
  8 vampire magi
  6 deep troll shamans
  4 hell knights
  4 orc high priests
  4 soul eaters
  A storm dragon zombie (D:15)
  9 deep elf knights
  A shock serpent (shapeshifter) (Vaults:5)
  8 skeletal warriors
  A fire crab (Shoals:1)
  5 iron trolls
  4 pharaoh ants
  3 skysharks
  7 sea snakes
  6 glowing orange brains
  A cherub (Zot:3)
  An anaconda zombie (Crypt:1)
  3 arcanists
  6 flayed ghosts
  50 deep trolls
  An orb spider (shapeshifter) (Vaults:4)
  6 orc knights
  9 orb spiders
  A swamp dragon (shapeshifter) (Vaults:5)
  6 deep elf archers
  2 bog bodies (Crypt:1)
  A glowing orange brain (shapeshifter) (Vaults:4)
  An anaconda skeleton (Crypt:2)
  16 harpies
  Pikel (D:5)
  7 necromancers
  2 steelbarb worms
  6 phantasmal warriors
  10 lindwurms
  27 deep elf pyromancers
  19 ironbound convokers
  13 deep elf zephyrmancers
  24 ugly things
  16 manticores
  6 orc sorcerers (Orc:2)
  14 wolf spiders
  14 fauns
  A shining eye (Zot:3)
  6 merfolk sirens
  A salamander (shapeshifter) (Spider:2)
  14 moths of wrath
  A manticore (shapeshifter) (Vaults:2)
  A battlemage (Crypt:2)
  2 meliai (shapeshifter)
  4 meliai
  7 cyclopes
  8 vault sentinels
  4 elephants (Lair:4)
  2 black mambas
  An ice statue (IceCv)
  A smoke demon (Lair:5)
  An elephant (shapeshifter) (Depths:4)
  An orange demon (Zot:3)
  A guardian serpent (shapeshifter) (D:15)
  A torpor snail (shapeshifter) (Vaults:4)
  A titan simulacrum (Crypt:1)
  5 water nymphs
  8 cane toads
  2 large abominations
  4 gargoyles
  A hellion (Depths:2)
  2 torpor snails
  A cane toad (shapeshifter) (Vaults:2)
  2 spark wasp simulacra (Depths:2)
  A dire elephant skeleton (Crypt:2)
  A red draconian zombie (Crypt:2)
  9 yaktaurs
  2 rime drakes
  7 kobold demonologists
  3 minotaur zombies (Gauntlet)
  An efreet (D:2)
  11 komodo dragons
  5 freezing wraiths
  2 anaconda simulacra (IceCv)
  A tengu conjurer (D:15)
  2 unseen horror skeletons (Crypt:1)
  A polar bear (shapeshifter) (Elf:3)
  2 wind drakes (Shoals:4)
  26 merfolk
  12 ice devils (IceCv)
  A polar bear (Lair:5)
  A red devil (D:8)
  12 tarantellas
  6 trolls
  A tengu simulacrum (Depths:2)
  Grinder (D:5)
  4 hornets
  23 blink frogs
  6 glass eyes
  3 raiju (Lair:5)
  A harpy skeleton (Crypt:1)
  9 snapping turtles
  8 dream sheep
  A fire giant simulacrum (Depths:2)
  19 slime creatures
  20 jumping spiders
  A culicivora (shapeshifter) (D:15)
  3 vampires (Crypt:2)
  Sigmund (D:2)
  A shadow (D:10)
  7 water elementals
  16 culicivoras
  18 spriggans (Depths:1)
  2 air elementals (Elf:1)
  2 fire elementals
  6 wyverns
  4 dire elephant simulacra (IceCv)
  A ynoxinul (Lair:5)
  32 yaks
  A hog (shapeshifter) (Lair:5)
  4 wraiths
  9 vampire mosquitoes
  A neqoxec (Orc:2)
  10 golden eyes (Zot:3)
  33 redbacks
  3 wargs
  3 basilisks
  8 death yak simulacra (IceCv)
  A harpy simulacrum (IceCv)
  2 acid dragons
  2 chaos spawn
  A steam dragon (D:7)
  8 small abominations
  Menkaure (Ossuary)
  15 water moccasins
  2 naga zombies (Crypt:2)
  A hydra simulacrum (IceCv)
  22 orc warriors
  An elephant zombie (Crypt:1)
  A black bear (Lair:2)
  An ice beast (D:6)
  14 laughing skulls
  4 ogres
  3 centaurs
  A torpor snail zombie (Crypt:2)
  A wolf (Lair:1)
  A phantom (D:6)
  3 lemures
  3 elf zombies (Elf:1)
  3 kobold brigands
  2 gnoll sergeants
  5 scorpions
  7 bullfrogs
  2 necrophages (Crypt:1)
  An earth elemental (Elf:1)
  A cane toad simulacrum (IceCv)
  A wight (D:7)
  5 killer bees
  3 elephant simulacra (IceCv)
  An electric eel (Spider:4)
  5 jellies
  3 hounds
  Crazy Yiuf (D:6)
  A human zombie (Crypt:2)
  17 orc priests
  3 sleepcaps
  2 iguanas (D:7)
  12 orc wizards
  A polar bear simulacrum (IceCv)
  Ijyb (D:5)
  2 spriggan simulacra
  5 wolf simulacra
  A tengu skeleton (Crypt:2)
  3 mummies (Ossuary)
  5 gnolls
  A swamp drake zombie (Crypt:2)
  2 adders
  3 white imps
  4 ufetubi
  3 dart slugs (D:1)
  52 orcs
  3 ball pythons
  8 endoplasms
  4 giant cockroaches
  6 goblins
  8 hobgoblins
  4 jackals (D:4)
  2 quokkas (D:2)
  6 bats
  3 frilled lizards (D:2)
  2 gnoll skeletons (Ossuary)
  3 gnoll zombies (Ossuary)
  6 goblin skeletons (Ossuary)
  9 goblin zombies
  4 hobgoblin skeletons (Ossuary)
  A hobgoblin zombie (Ossuary)
  12 kobolds
  5 kobold skeletons (Ossuary)
  6 kobold zombies (Ossuary)
  4 orc skeletons (Ossuary)
  4 orc zombies (Ossuary)
  2 quokka zombies
  7 rats
  4 rat skeletons (Ossuary)
  3 rat zombies (Ossuary)
  A tentacle (Shoals:4)
1637 creatures vanquished.

Vanquished Creatures (collateral kills)
  An orb of fire (Depths:4)
  A dread lich (Zot:5)
  2 ancient liches
  3 Killer Klowns
  Boris (Vaults:4)
  Bai Suzhen (Vaults:3)
  A caustic shrike (Depths:4)
  6 golden dragons
  Arachne (Spider:2)
  5 tentacled monstrosities
  Rupert (Spider:1)
  3 electric golems
  2 deep elf blademasters
  A walking earthen tome (Depths:4)
  9 Orb Guardians (Zot:5)
  A titan (Vaults:5)
  4 liches
  6 quicksilver dragons
  A pandemonium lord (Zot:2)
  A walking frostbound tome (Depths:4)
  2 deep elf master archers (Elf:3)
  4 death cobs
  2 sphinxes
  3 shadow dragons
  7 storm dragons
  3 tengu reavers
  Ilsuiw (Shoals:3)
  A draconian knight (Zot:3)
  4 fire giants
  4 draconian monks
  3 deep elf sorcerers
  4 iron dragons (Depths:4)
  An emperor scorpion (Spider:4)
  4 frost giants
  A ghost moth (Spider:1)
  An orc warlord (D:9)
  A draconian stormcaller (Zot:2)
  9 vault wardens
  4 deep elf elementalists
  A cacodemon (Zot:2)
  A broodmother (Spider:4)
  3 draconian annihilators
  10 stone giants
  2 ghouls (Crypt:2)
  8 very ugly things
  2 spriggan defenders
  8 ironbound preservers
  4 vampire knights
  2 ironbound thunderhulks (Vaults:1)
  A formless jellyfish (Vaults:4)
  9 deep elf death magi
  5 green draconians
  3 black draconians
  2 deep elf annihilators
  10 dire elephants
  3 deep elf demonologists (Elf:3)
  A red draconian (Zot:4)
  A white draconian (Zot:2)
  2 purple draconians (Zot:5)
  3 yellow draconians
  A war gargoyle (Vaults:5)
  3 spark wasps
  3 eidola
  A blizzard demon (Gauntlet)
  A crystal guardian (Vaults:2)
  5 ettins
  A jiangshi (Crypt:2)
  A merfolk javelineer (Shoals:2)
  A deep elf high priest (Vaults:4)
  3 fire dragons
  6 yaktaur captains
  A great orb of eyes (Vaults:4)
  4 entropy weavers
  3 ice dragons
  4 merfolk impalers (Shoals:4)
  A hydra (Lair:5)
  3 rakshasas
  4 spriggan air magi
  3 jorogumos
  10 vault guards
  4 ogre magi
  A centaur warrior (D:15)
  A radroach (Spider:2)
  2 peacekeepers (Vaults:4)
  A merfolk avatar (Shoals:1)
  10 dancing weapons
  6 ironbound frosthearts
  2 death knights
  3 two-headed ogres
  4 boulder beetles
  A two-headed ogre (shapeshifter) (Vaults:5)
  3 satyrs
  A death yak (Lair:5)
  3 merfolk aquamancers
  3 tengu warriors
  A deep troll earth mage (Vaults:4)
  2 deep troll shamans (Depths:2)
  A demonic crawler (Spider:1)
  5 spriggan berserkers
  2 orc high priests (Orc:2)
  A vampire mage (Depths:4)
  A shock serpent (shapeshifter) (Depths:4)
  A soul eater (Depths:2)
  10 deep elf knights
  A thrashing horror (Lair:5)
  A sixfirhy (Zot:5)
  2 pharaoh ants
  2 shadow wraiths
  A fire crab (Shoals:1)
  2 skysharks (Shoals:2)
  An iron troll (Depths:4)
  4 skeletal warriors
  27 deep trolls
  2 spriggan druids (Depths:1)
  2 sea snakes
  A sun moth (Spider:2)
  8 deep elf archers
  4 orb spiders
  3 lindwurms
  A harpy (Shoals:3)
  4 steelbarb worms
  4 phantasmal warriors
  12 ironbound convokers
  An iron giant skeleton (Crypt:2)
  10 deep elf pyromancers
  6 arcanists
  3 necromancers
  3 orc knights
  A harpy (shapeshifter) (D:14)
  11 ugly things
  9 deep elf zephyrmancers
  7 fauns
  A shining eye (Zot:3)
  7 wolf spiders
  2 cyclopes
  8 manticores
  3 moths of wrath
  An iron dragon skeleton (Crypt:2)
  2 elephants (Lair:4)
  A fire giant zombie (Crypt:1)
  A water nymph (Shoals:4)
  2 meliai (Spider:4)
  A black mamba (shapeshifter) (Lair:5)
  9 merfolk sirens
  A torpor snail (Spider:1)
  A black mamba (Lair:5)
  5 vault sentinels
  3 cane toads
  2 smoke demons (Lair:5)
  A large abomination (Elf:1)
  2 dire elephant skeletons
  An unseen horror (D:13)
  3 komodo dragons
  4 freezing wraiths
  A rime drake (Lair:1)
  An ice devil (IceCv)
  A rime drake (shapeshifter) (Lair:5)
  A tormentor (Depths:2)
  6 yaktaurs
  A spark wasp simulacrum (Depths:2)
  A red devil (D:5)
  4 kobold demonologists
  A tengu conjurer (Depths:4)
  A polar bear (Lair:1)
  9 merfolk
  5 wind drakes
  5 trolls
  8 tarantellas
  4 hornets
  2 glass eyes
  9 dream sheep
  A raiju (shapeshifter) (D:14)
  A raiju (Lair:5)
  13 blink frogs
  3 snapping turtles
  15 jumping spiders
  8 culicivoras
  7 water elementals
  6 spriggans
  A centaur simulacrum (D:14)
  4 wraiths
  11 yaks
  2 spriggan skeletons (D:15)
  14 slime creatures
  2 basilisks
  A wyvern (Lair:5)
  A golden eye (Zot:3)
  33 redbacks
  A death yak simulacrum (IceCv)
  A steam dragon (D:10)
  A vampire mosquito (D:13)
  7 small abominations
  A skyshark zombie (Crypt:2)
  A hydra simulacrum (IceCv)
  3 water moccasins
  A cane toad skeleton (Crypt:1)
  A black bear (D:8)
  21 orc warriors
  4 ogres
  4 wolves
  3 centaurs (Shoals:2)
  A lemure (D:4)
  4 kobold brigands
  4 scorpions
  7 bullfrogs
  3 wights (D:7)
  3 killer bees
  2 elephant simulacra
  An electric eel (Lair:2)
  A shapeshifter skeleton (Crypt:1)
  2 hounds
  A gnoll bouda (D:6)
  9 orc priests
  8 orc wizards
  2 wolf simulacra
  A boggart simulacrum (D:14)
  6 gnolls
  An adder (D:5)
  3 white imps
  32 orcs
  An endoplasm (Lair:4)
  A goblin (D:8)
  A hobgoblin (D:8)
  8 kobolds
  2 butterflies (Lair:2)
  A tentacle (Shoals:4)
850 creatures vanquished.

Vanquished Creatures (others)
  A dancing weapon (Elf:1)
  2 deep troll earth magi (Depths:2)
  A spriggan (Depths:2)
  A golden eye (shapeshifter) (D:14)
  58 battlemagi
  An orc wizard (D:14)
  5 ancestors
  21 tentacles
90 creatures vanquished.

Grand Total: 2577 creatures vanquished

Notes
Turn   | Place    | Note
-------+----------+-------------------------------------------
     0 | D:1      | boberto the Oni Brigand began the quest for the Orb.
     0 | D:1      | Reached XP level 1. HP: 22/22 MP: 1/1
    74 | D:1      | Reached skill level 3 in Fighting
   159 | D:1      | Reached XP level 2. HP: 21/31 MP: 2/2
   276 | D:1      | Reached skill level 4 in Fighting
   693 | D:1      | Found Sira's One-of-a-Kind Rings.
   737 | D:1      | Reached XP level 3. HP: 39/40 MP: 3/3
  1520 | D:1      | Found Ylovvouhe's Assorted Antiques.
  1526 | D:1      | Reached skill level 5 in Fighting
  1577 | D:2      | Noticed Sigmund
  1776 | D:2      | Found a shimmering blue altar of Sif Muna.
  1967 | D:2      | Reached XP level 4. HP: 50/50 MP: 4/4
  2649 | D:3      | Reached skill level 6 in Fighting
  2661 | D:3      | Found a hazy altar of Hepliaklqana.
  3224 | D:3      | Became a worshipper of Hepliaklqana the Forgotten
  3311 | D:4      | Reached XP level 5. HP: 34/61 MP: 5/5
  3378 | D:4      | Reached skill level 7 in Fighting
  3388 | D:4      | Found a broken altar of Ashenzari.
  3525 | D:4      | Noticed an ogre
  3537 | D:4      | Killed an ogre
  3538 | D:4      | Reached skill level 8 in Fighting
  3538 | D:4      | Reached XP level 6. HP: 74/74 MP: 6/6
  3677 | D:4      | Found a sand-covered staircase.
  3684 | Ossuary  | Entered an ossuary
  4407 | Ossuary  | Noticed Menkaure
  4428 | Ossuary  | Killed Menkaure
  4429 | Ossuary  | Reached skill level 9 in Fighting
  4429 | Ossuary  | Reached skill level 1 in Maces & Flails
  4429 | Ossuary  | Reached XP level 7. HP: 69/83 MP: 7/7
  5211 | D:4      | Found a shadowy altar of Dithmenos.
  5213 | D:4      | Found a snail-covered altar of Cheibriados.
  5213 | D:4      | Found a shimmering altar of Xom.
  5218 | D:4      | Found an ancient bone altar of Kikubaaqudgha.
  5218 | D:4      | Found an opulent altar of Gozag.
  5218 | D:4      | Found an iron altar of Okawaru.
  5241 | D:5      | Entered Level 5 of the Dungeon
  5241 | D:5      | Found a sparkling altar of Nemelex Xobeh.
  5282 | D:5      | Reached * piety under Hepliaklqana
  5285 | D:5      | Noticed Pikel
  5346 | D:5      | Found a staircase to the Ecumenical Temple.
  5348 | D:5      | Noticed Ijyb
  5473 | D:5      | Noticed Grinder
  5623 | D:5      | Noticed a two-headed ogre
  5661 | D:5      | Paralysed by Pikel for 4 turns
  5671 | D:5      | Killed Pikel
  5672 | D:5      | Reached skill level 10 in Fighting
  5672 | D:5      | Reached XP level 8. HP: 61/86 MP: 8/8
  5742 | D:5      | Killed Grinder
  5743 | D:5      | Reached skill level 11 in Fighting
  5743 | D:5      | Reached skill level 5 in Maces & Flails
  5894 | D:5      | Paralysed by Ijyb for 3 turns
  5908 | D:5      | Killed Ijyb
  7040 | D:5      | Killed a two-headed ogre
  7041 | D:5      | Reached skill level 12 in Fighting
  7041 | D:5      | Reached XP level 9. HP: 96/96 MP: 9/9
  7137 | D:5      | You fall into a shaft and drop 1 floor!
  7137 | D:6      | Found a sacrificial altar of Ru.
  7311 | D:5      | Reached skill level 13 in Fighting
  7977 | D:6      | Found a radiant altar of Vehumet.
  8201 | D:6      | Found a runed translucent door.
  8202 | D:6      | Noticed Crazy Yiuf
  8286 | D:6      | Found a glowing silver altar of Zin.
  8436 | D:7      | Reached ** piety under Hepliaklqana
  8437 | D:7      | Remembered your ancestor Cipactli as a battlemage
  8582 | D:7      | Reached skill level 14 in Fighting
  8582 | D:7      | Reached XP level 10. HP: 78/109 MP: 10/10
  8784 | D:7      | Found an iron altar of Okawaru.
  9424 | D:8      | Found a blossoming altar of Fedhas.
  9435 | D:8      | Found a stormy altar of Qazlal.
  9605 | D:8      | Reached skill level 15 in Fighting
  9617 | D:8      | Found a flagged portal.
  9631 | Bailey   | Entered a bailey
  9721 | Bailey   | Found a large runed translucent door.
  9721 | Bailey   | Found a large runed translucent door.
  9721 | Bailey   | Noticed an orc knight
  9724 | Bailey   | Noticed a deep elf pyromancer
  9738 | Bailey   | Killed an orc knight
  9739 | Bailey   | Reached skill level 10 in Maces & Flails
 10259 | Bailey   | Killed a deep elf pyromancer
 10275 | Bailey   | Identified the +5 ice dragon scales of Miki {rF- rC++ Will+
                  | Dex+2}
 10548 | D:8      | Found a hide-covered altar of Uskayaw.
 10555 | D:9      | Noticed a two-headed ogre
 10595 | D:9      | Reached XP level 11. HP: 109/121 MP: 11/11
 10597 | D:9      | Reached skill level 16 in Fighting
 10753 | D:9      | Found a staircase to the Lair.
 10764 | D:9      | Killed a two-headed ogre
 10954 | D:9      | Found an ancient bone altar of Kikubaaqudgha.
 11078 | D:9      | Found a staircase to the Orcish Mines.
 11204 | D:9      | Found a white marble altar of Elyvilon.
 11206 | D:9      | Reached *** piety under Hepliaklqana
 11629 | D:10     | Entered Level 10 of the Dungeon
 11668 | D:10     | Reached skill level 17 in Fighting
 12367 | D:10     | Found a shimmering blue altar of Sif Muna.
 12419 | D:11     | Noticed a manticore
 12426 | D:11     | Killed a manticore
 12427 | D:11     | Reached skill level 1 in Invocations
 12492 | D:11     | Noticed a boulder beetle
 12575 | D:11     | Killed a boulder beetle
 12728 | D:11     | Reached XP level 12. HP: 124/135 MP: 4/14
 13191 | D:11     | Reached skill level 18 in Fighting
 13214 | D:11     | Reached **** piety under Hepliaklqana
 13257 | D:11     | Noticed a soul eater
 13939 | D:12     | Reached skill level 5 in Invocations
 13942 | D:12     | Reached skill level 1 in Armour
 13995 | D:12     | Found a gate leading to a gauntlet.
 14009 | Gauntlet | Entered a Gauntlet
 14009 | Gauntlet | Found a transporter.
 14009 | Gauntlet | Found a transporter.
 14012 | Gauntlet | Noticed a blizzard demon
 14054 | Gauntlet | Found a transporter.
 14054 | Gauntlet | Found a transporter.
 14056 | Gauntlet | Found a transporter.
 14073 | Gauntlet | Found a transporter.
 14078 | Gauntlet | Found a transporter.
 14093 | Gauntlet | Found a transporter.
 14101 | Gauntlet | Found a transporter.
 14115 | Gauntlet | Found a transporter.
 14141 | Gauntlet | Found a transporter.
 14159 | Gauntlet | Found a transporter.
 14204 | Gauntlet | Noticed a thrashing horror
 14215 | Gauntlet | Found the +2 hat of the Bear Spirit {Spirit, Bear, *Rage
                  | Will++}
 14519 | Gauntlet | Killed a blizzard demon
 14626 | Gauntlet | Identified the +0 pair of gloves of Privacy {rCorr}
 14651 | Gauntlet | Killed a thrashing horror
 14864 | Gauntlet | Noticed a minotaur
 14881 | Gauntlet | Killed a minotaur
 15166 | D:12     | Noticed a two-headed ogre
 15173 | D:12     | Killed a two-headed ogre
 15284 | D:12     | Noticed a boulder beetle
 15293 | D:12     | Killed a boulder beetle
 15891 | Lair:1   | Entered Level 1 of the Lair of Beasts
 15990 | Lair:1   | Noticed a boulder beetle
 16001 | Lair:1   | Reached XP level 13. HP: 142/142 MP: 6/19
 16002 | Lair:1   | Reached skill level 5 in Throwing
 16171 | Lair:1   | Reached ***** piety under Hepliaklqana
 16927 | Lair:2   | You fall into a shaft and drop 2 floors!
 17102 | Lair:4   | Found a frozen archway.
 17131 | IceCv    | Entered an ice cave
 17434 | IceCv    | Reached skill level 10 in Invocations
 17522 | IceCv    | Found an ancient bone altar of Kikubaaqudgha.
 18727 | IceCv    | Identified the ring "Danew" {Fly rN+ Str+4}
 19143 | Lair:4   | Reached XP level 14. HP: 152/152 MP: 7/22
 19362 | Lair:4   | Found a viscous altar of Jiyva.
 19369 | Lair:4   | Found a staircase to the Slime Pits.
 20517 | Lair:3   | Found a hole to the Spider Nest.
 21599 | Lair:3   | Found a runed translucent door.
 21733 | Lair:3   | Noticed dchavez06's ghost (journeyman DsFi)
 21791 | Lair:3   | Reached skill level 10 in Throwing
 23205 | Lair:2   | Noticed Fannar
 23206 | Lair:2   | Found a staircase to the Shoals.
 23576 | Lair:2   | Killed Fannar
 23875 | Lair:5   | Entered Level 5 of the Lair of Beasts
 24690 | Lair:5   | Reached XP level 15. HP: 161/161 MP: 8/25
 24929 | Lair:5   | Reached skill level 19 in Fighting
 25599 | Lair:5   | Reached skill level 15 in Maces & Flails
 25632 | Lair:5   | Found a corrupted altar of Lugonu.
 25632 | Lair:5   | Found a one-way gate to the infinite horrors of the Abyss.
 26195 | D:2      | Killed Sigmund
 26399 | D:6      | Killed Crazy Yiuf
 26642 | D:13     | Reached ****** piety under Hepliaklqana
 26830 | D:13     | Found the +3 pair of gauntlets of War {Slay+5}
 29408 | D:13     | Reached skill level 20 in Fighting
 30664 | D:14     | Found a gate to the Vaults.
 30761 | D:14     | Found Coakhy's General Store.
 30916 | D:15     | Entered Level 15 of the Dungeon
 31004 | D:15     | Reached XP level 16. HP: 172/175 MP: 8/26
 31993 | D:14     | Bought a potion of curing for 39 gold pieces
 31993 | D:14     | Bought a potion of curing for 39 gold pieces
 32002 | D:15     | Reached skill level 1 in Shields
 32602 | D:15     | Found a staircase to the Depths.
 33007 | D:15     | Reached skill level 5 in Shields
 33646 | Orc:1    | Entered Level 1 of the Orcish Mines
 34799 | Orc:2    | Entered Level 2 of the Orcish Mines
 35176 | Orc:2    | Found Gastygeiq's Magic Scroll Shop.
 35181 | Orc:2    | Found Evyceacs's Distillery.
 35365 | Orc:2    | Found a staircase to the Elven Halls.
 35773 | Orc:2    | Bought a scroll of identify for 26 gold pieces
 35773 | Orc:2    | Bought a scroll of identify for 26 gold pieces
 35773 | Orc:2    | Bought a scroll of identify for 26 gold pieces
 36246 | Orc:2    | Bought a potion of curing for 39 gold pieces
 36246 | Orc:2    | Bought a potion of curing for 39 gold pieces
 37378 | Orc:2    | Found Xeem's Antique Armour Emporium.
 37378 | Orc:2    | Found Coqempul's Book Shoppe.
 37378 | Orc:2    | Found a one-way gate leading to the halls of Pandemonium.
 37395 | Orc:2    | Bought a book of Spatial Translocations for 234 gold pieces
 37397 | Orc:2    | Bought an embroidered scarf for 288 gold pieces
 37417 | Orc:2    | Learned a level 2 spell: Lesser Beckoning
 37422 | Orc:2    | Learned a level 4 spell: Passage of Golubria
 37451 | Orc:2    | Bought a potion of heal wounds for 65 gold pieces
 37451 | Orc:2    | Bought a potion of heal wounds for 65 gold pieces
 37453 | Orc:2    | Bought a scroll of noise for 13 gold pieces
 37805 | Shoals:1 | Entered Level 1 of the Shoals
 38584 | Shoals:1 | Reached XP level 17. HP: 183/183 MP: 25/27
 38607 | Shoals:1 | Noticed a kraken
 38715 | Shoals:1 | Reached skill level 10 in Shields
 40767 | Shoals:2 | Found a radiant altar of Vehumet.
 41292 | Shoals:2 | Reached skill level 1 in Dodging
 41475 | Shoals:3 | Found Yvodigem's General Store.
 41520 | Shoals:3 | Bought a scroll of blinking for 135 gold pieces
 42322 | Shoals:3 | Reached skill level 5 in Armour
 42863 | Orc:2    | Bought a book of the Hunter for 338 gold pieces
 42863 | Orc:2    | Bought a manual of Throwing for 1040 gold pieces
 42868 | Orc:2    | Learned a level 4 spell: Dimensional Bullseye
 44006 | Shoals:4 | Entered Level 4 of the Shoals
 44050 | Shoals:4 | Reached skill level 1 in Spellcasting
 44089 | Shoals:4 | Reached skill level 1 in Hexes
 44089 | Shoals:4 | Reached skill level 1 in Translocations
 44300 | Shoals:4 | Found a flickering gateway to a bazaar.
 44306 | Bazaar   | Entered a bazaar
 44319 | Bazaar   | Found Ugunahe's Weapon Shoppe.
 44353 | Bazaar   | Found Focamast's Antique Weapon Shoppe.
 44833 | Shoals:4 | Got the Discursus on Malediction and Maleficent Ceremonies
 45108 | Shoals:4 | Noticed Ilsuiw
 45255 | Shoals:3 | Killed Ilsuiw
 45394 | Shoals:4 | Reached XP level 18. HP: 191/191 MP: 26/28
 45564 | Shoals:4 | Identified the +1 robe "Fesets" {rN+ Will+ Archmagi}
 45616 | Shoals:4 | Identified the +10 sling "Beastslayer" {freeze, Str+2
                  | Int+4}
 45670 | Shoals:4 | Identified 2 scrolls of acquirement
 45672 | Shoals:4 | Acquired 1024 gold pieces
 45675 | Shoals:4 | Acquired a ring of see invisible
 46545 | Shoals:4 | Reached skill level 5 in Spellcasting
 47603 | Shoals:4 | Reached skill level 5 in Translocations
 47614 | Shoals:4 | Got a barnacled rune of Zot
 47696 | Shoals:2 | Reached skill level 5 in Hexes
 47822 | Spider:1 | Entered Level 1 of the Spider Nest
 49687 | Spider:1 | Noticed Rupert
 49691 | Spider:1 | Killed Rupert
 51999 | Spider:2 | Noticed Arachne
 52014 | Spider:2 | Killed Arachne
 52018 | Spider:2 | Reached XP level 19. HP: 198/198 MP: 25/31
 52943 | Spider:2 | Learned a level 2 spell: Blink
 53339 | Spider:3 | Got Luhua's Commentary on the Storm
 53748 | Spider:4 | Entered Level 4 of the Spider Nest
 54131 | Spider:3 | Learned a level 3 spell: Tukima's Dance
 56065 | Spider:4 | Got a gossamer rune of Zot
 57490 | Vaults:1 | Entered Level 1 of the Vaults
 57607 | Vaults:1 | Found Isaeluwn's Jewellery Emporium.
 57870 | Vaults:1 | Found Liefasumm's General Store.
 57928 | Vaults:1 | Found Docs's Armour Emporium.
 57974 | Vaults:1 | Reached skill level 10 in Armour
 58163 | Vaults:1 | Reached XP level 20. HP: 207/207 MP: 33/33
 58223 | Vaults:1 | Reached skill level 10 in Spellcasting
 58336 | Vaults:1 | Found Cakom's Book Shop.
 58342 | Vaults:1 | Bought a book of Battle for 416 gold pieces
 58348 | Vaults:1 | Learned a level 4 spell: Manifold Assault
 59300 | Vaults:1 | Found Dantusof's Weapon Emporium.
 60413 | Vaults:2 | Noticed a dread lich
 60413 | Vaults:2 | Noticed Kipt's ghost (adept SpFE)
 60553 | Vaults:2 | Reached skill level 10 in Translocations
 60575 | Vaults:2 | Found the +5 glaive of the Guard {elec, spectral}
 61067 | Vaults:2 | Found a transporter.
 61109 | Vaults:2 | Found a transporter.
 61408 | Vaults:2 | Paralysed by a formless jellyfish for 1 turns
 63877 | Vaults:2 | Reached XP level 21. HP: 215/215 MP: 38/38
 64003 | Vaults:2 | Found Tiqodot's Weapon Boutique.
 65686 | Vaults:3 | Noticed Bai Suzhen
 66360 | Vaults:3 | Found Xecodgh's Antique Armour Emporium.
 66761 | Vaults:3 | Found a staircase to the Crypt.
 66761 | Vaults:3 | Found an ancient bone altar of Kikubaaqudgha.
 66761 | Vaults:3 | Found a basalt altar of Yredelemnul.
 67138 | Vaults:3 | Reached skill level 15 in Spellcasting
 68095 | Vaults:3 | Killed Bai Suzhen
 68514 | Vaults:4 | Reached skill level 21 in Fighting
 69040 | Vaults:4 | Found Dieclau's General Store.
 69277 | Vaults:4 | Reached skill level 22 in Fighting
 69913 | Vaults:4 | Found a runed translucent gate.
 69913 | Vaults:4 | Found a runed translucent gate.
 69913 | Vaults:4 | Found a runed translucent gate.
 69915 | Vaults:4 | Noticed Dochoekk's ghost (veteran MiFi)
 69946 | Vaults:4 | Reached XP level 22. HP: 231/231 MP: 41/41
 70238 | Vaults:4 | Reached skill level 23 in Fighting
 71335 | Vaults:4 | Killed Dochoekk's ghost
 71342 | Vaults:4 | Identified the +0 hat "Wiopoagh" {rCorr Str+3}
 71820 | Depths:1 | Entered Level 1 of the Depths
 72048 | Depths:1 | Found a gateway to Hell.
 72482 | Depths:1 | Reached skill level 24 in Fighting
 73039 | Depths:1 | Found a portal to a secret trove of treasure.
 73485 | Depths:1 | Found a glowing golden altar of the Shining One.
 74056 | Depths:2 | Found Cuozxycee's Antique Armour Shop.
 74124 | Depths:2 | Found a sacrificial altar of Ru.
 74198 | Depths:2 | Reached skill level 25 in Fighting
 74207 | Depths:2 | Identified the ring of the Ancient People {Ice *Slow rCorr
                  | Stlth+}
 74207 | Depths:2 | Noticed Josephina
 74213 | Depths:2 | Killed Josephina
 74225 | Depths:2 | Reached skill level 15 in Throwing
 74293 | Depths:2 | Noticed the Enchantress
 76199 | Depths:2 | Killed the Enchantress
 76671 | Depths:2 | Found a one-way gateway to a ziggurat.
 76706 | Depths:2 | Noticed Vv
 76712 | Depths:2 | Reached XP level 23. HP: 247/251 MP: 38/42
 76722 | Depths:2 | Killed Vv
 77042 | Depths:2 | Reached skill level 26 in Fighting
 77404 | Depths:2 | Noticed a juggernaut
 77414 | Depths:2 | Killed a juggernaut
 77862 | Depths:2 | Noticed a caustic shrike
 77893 | Depths:3 | Found Xeabe's Antique Armour Emporium.
 78407 | Depths:3 | Found a transporter.
 78409 | Depths:3 | Found a transporter.
 78409 | Depths:3 | Found a viscous altar of Jiyva.
 78779 | Depths:3 | Noticed a caustic shrike
 78788 | Depths:3 | Killed a caustic shrike
 79346 | Depths:4 | Entered Level 4 of the Depths
 79592 | Depths:4 | Noticed a golden dragon
 79601 | Depths:4 | Killed a golden dragon
 80034 | Depths:4 | Noticed a caustic shrike
 80034 | Depths:4 | Noticed a caustic shrike
 80034 | Depths:4 | Noticed a caustic shrike
 80039 | Depths:4 | Killed a caustic shrike
 80043 | Depths:4 | Killed a caustic shrike
 80049 | Depths:4 | Killed a caustic shrike
 80282 | Depths:4 | Found a gate to the Realm of Zot.
 80473 | Depths:4 | Found a glowing golden altar of the Shining One.
 80473 | Depths:4 | Found an ancient bone altar of Kikubaaqudgha.
 80475 | Depths:4 | Found a shimmering blue altar of Sif Muna.
 80831 | Depths:4 | Reached skill level 27 in Fighting
 81000 | Depths:4 | Noticed a caustic shrike
 81016 | Depths:4 | Killed a caustic shrike
 82222 | Depths:4 | Learned a level 1 spell: Apportation
 82259 | Depths:4 | Noticed a golden dragon
 82505 | Depths:4 | Killed a golden dragon
 82506 | Depths:4 | Reached XP level 24. HP: 228/265 MP: 39/42
 83215 | Depths:4 | Identified the +1 cloak "Wiuck" {rElec rPois Will+ Dex+3}
 83545 | Depths:4 | Got Sif Muna's Spellbook of the Geometric Arsonist
 83958 | Depths:2 | Killed a caustic shrike
 84852 | Depths:2 | Noticed a caustic shrike
 84864 | Depths:2 | Killed a caustic shrike
 85563 | Lair:3   | Killed dchavez06's ghost
 85798 | D:1      | Bought a +7 ring of slaying for 2243 gold pieces
 86115 | Depths:1 | You paid a toll of a +7 ring of slaying to enter a treasure
                  | trove
 86116 | Trove    | Entered a treasure trove
 86129 | Trove    | Identified the +11 morningstar of Outrage {flame, *Rage
                  | rElec Str+3}
 86133 | Trove    | Identified the ring "Juill" {Wiz Str+3 Dex+2}
 86142 | Trove    | Identified the +1 robe "Diyczaep" {rF++ Regen+}
 86145 | Trove    | Identified the ring "Buciqeem" {Fire *Corrode Fly Str+2}
 86173 | Depths:1 | Acquired 1066 gold pieces
 86407 | Orc:2    | Bought a scroll of enchant armour for 97 gold pieces
 86407 | Orc:2    | Bought a scroll of brand weapon for 123 gold pieces
 86409 | Orc:2    | Bought a potion of haste for 130 gold pieces
 86409 | Orc:2    | Bought a potion of mutation for 104 gold pieces
 86409 | Orc:2    | Bought a potion of mutation for 104 gold pieces
 86953 | Elf:1    | Entered Level 1 of the Elven Halls
 87686 | Elf:1    | Got Cuuclama's Papyrus of Shadows
 88233 | Elf:1    | Paralysed by an air elemental for 1 turns
 88327 | Elf:1    | Found Meamn's Magic Scroll Shop.
 89223 | Elf:2    | Found Toovah's Weapon Boutique.
 89295 | Elf:2    | Found a runed translucent gate.
 89296 | Elf:2    | Found a runed translucent gate.
 89296 | Elf:2    | Found a runed translucent gate.
 89456 | Elf:3    | Entered Level 3 of the Elven Halls
 89535 | Elf:2    | Reached skill level 15 in Translocations
 90535 | Elf:3    | Found Neruycru's Book Emporium.
 92177 | Elf:3    | Identified the amulet of the Magpie {Faith Harm Str+3}
 92264 | Elf:3    | Reached XP level 25. HP: 268/273 MP: 42/42
 93406 | Elf:3    | Identified the +6 spear of the Jolly Nightmares {venom,
                  | Fly}
 93475 | Elf:3    | Identified the +9 falchion of the Traitor {drain, *Corrode
                  | rN+++ Str+4 Int-4}
 93475 | Elf:3    | Identified the amulet of Readgh {Faith Dex+4}
 94823 | Elf:3    | Got Roygh's Folio of Love and Death
 94829 | Elf:3    | Identified the flux talisman of the Bull {Slay+2}
 94831 | Elf:3    | Identified the staff of Dofiu {rF- rC+ Int+2 Earth}
 95404 | Vaults:4 | Bought a potion of enlightenment for 70 gold pieces
 95404 | Vaults:4 | Bought a wand of light (8) for 470 gold pieces
 95501 | Crypt:1  | Entered Level 1 of the Crypt
 95705 | Crypt:1  | Reached skill level 1 in Evocations
 98735 | Crypt:2  | Found a basalt altar of Yredelemnul.
 99615 | Crypt:2  | Reached skill level 10 in Hexes
 99761 | Crypt:2  | Found a runed translucent door.
 99761 | Crypt:2  | Noticed Jetyrhek's ghost (veteran GrEE)
100436 | Crypt:2  | Killed Jetyrhek's ghost
100959 | Vaults:5 | Entered Level 5 of the Vaults
100962 | Vaults:5 | Noticed Boris
101375 | Vaults:4 | Killed Boris
101377 | Vaults:5 | Noticed a dread lich
101403 | Vaults:4 | Killed a dread lich
102379 | Vaults:4 | Reached XP level 26. HP: 173/282 MP: 42/43
103972 | Vaults:5 | Identified the +5 whip of Daumesch {spect, rPois rN+++
                  | Str+2 Int-4}
104454 | Vaults:5 | Noticed an ancient lich
104462 | Vaults:5 | Killed an ancient lich
104959 | Vaults:5 | Identified the +7 shortbow "Quyjad" {antimagic, rElec
                  | Will+}
105090 | Vaults:5 | Noticed an ancient lich
105093 | Vaults:5 | Killed an ancient lich
105476 | Vaults:5 | Noticed Margery
105547 | Vaults:5 | Killed Margery
106390 | Vaults:5 | Identified the +6 mace of the Dripping Dragonfly {flame,
                  | Int+2}
106400 | Vaults:5 | Identified the +2 glaive of Impermanence {venom, Fly rElec
                  | Int+3 Dex-3}
106629 | Vaults:5 | Identified the amulet of Rokkipn Hado {Spirit Slay+2}
106700 | Vaults:5 | Got a silver rune of Zot
106913 | Vaults:5 | Identified the +10 hand axe of Maoreunu {heavy, Stlth+}
106921 | Vaults:5 | Identified the +6 trident of Ytisacs {elec, Will+ Stlth+}
106928 | Vaults:5 | Noticed Xtahua
106938 | Vaults:5 | Killed Xtahua
107353 | Vaults:4 | Learned a level 4 spell: Vhi's Electric Charge
107515 | Hell     | Entered the Vestibule of Hell
107516 | Hell     | Noticed Geryon
107695 | Zot:1    | Entered Level 1 of the Realm of Zot
107706 | Depths:4 | Reached skill level 1 in Air Magic
108056 | Zot:1    | Noticed an orb of fire
108797 | Depths:4 | Killed an orb of fire
109101 | Zot:1    | Reached XP level 27. HP: 274/290 MP: 22/48
109999 | Zot:1    | You fall into a shaft and drop 1 floor!
110137 | Zot:2    | Reached skill level 5 in Air Magic
110784 | Zot:2    | Reached skill level 15 in Invocations
111196 | Zot:2    | Found a large runed translucent door.
111197 | Zot:2    | Found a large runed translucent door.
111198 | Zot:2    | Noticed Heisao's ghost (legendary TrBe)
112203 | Zot:2    | Killed Heisao's ghost
114725 | Zot:4    | Identified the amulet of the Demon Prince {Spirit Dex+3}
115777 | Zot:5    | Entered Level 5 of the Realm of Zot
117463 | Zot:5    | Killed a dread lich
117902 | Zot:5    | Noticed an orb of fire
117916 | Zot:5    | Killed an orb of fire
118500 | Zot:5    | Noticed a dread lich
118505 | Zot:5    | Killed a dread lich
118505 | Zot:5    | Noticed an orb of fire
118512 | Zot:5    | Killed an orb of fire
118516 | Zot:5    | Noticed an ancient lich
118518 | Zot:5    | Noticed a dread lich
118522 | Zot:5    | Killed an ancient lich
118522 | Zot:5    | Killed a dread lich
118530 | Zot:5    | Noticed an ancient lich
118533 | Zot:5    | Killed an ancient lich
119131 | Zot:5    | Identified the ring of the Devil {Will+ Slay+4}
119297 | Zot:5    | Noticed a dread lich
119303 | Zot:5    | Gained mutation: Your system is resistant to poisons.
                  | (rPois) [a cacodemon]
119304 | Zot:5    | Killed a dread lich
119422 | Zot:5    | Got the Orb of Zot
119558 | Zot:2    | Noticed Fouppalac the pandemonium lord
119564 | Zot:2    | Killed Fouppalac the pandemonium lord
119583 | Zot:2    | Noticed Dutompys the pandemonium lord
119666 | Depths:3 | Noticed Ydugge the pandemonium lord
120040 | D:$      | Escaped with the Orb!

Illustrated notes

Levels and vault maps discovered:
D:1:      minmay_arrival_split_and_join, layout_loops_corners, serial_bayou,
          serial_bayou_shore_a, serial_bayou_pond_d, serial_bayou_pond_c,
          serial_bayou_pond_e, serial_shops, shop, nicolae_shop_unique_rings,
          chequers_big_river, minivault_26, minmay_pentomino_t4
D:2:      layout_basic, basic_altar, uniq_sigmund
D:3:      layout_loops_ring, nzn_hepliaklqana_mist_gate,
          nicolae_twisty_statue_hallways
D:4:      layout_rooms, doesnt_xom_only_xom, evilmike_ruin_ashenzari,
          enter_ossuary_4
D:5:      layout_rooms, nemelex_xobeh_ov_fountains_minmay,
          minmay_temple_entry_slanted, serial_curves, eino_curves_02,
          eino_curves_01, uniq_pikel, uniq_ijyb, uniq_grinder
D:6:      layout_loops_ring, marbit_many_paths,
          mainiacjoe_overflow_six_doors_small, mainiacjoe_overflow_alcove_2,
          minmay_fractal_squares_diagonal_5, uniq_crazy_yiuf_cottage
D:7:      layout_gridville, mainiacjoe_overflow_catwalk
D:8:      layout_rooms, kennysheep_mini_moat,
          grunt_temple_overflow_forces_of_nature, enter_bailey_4
D:9:      layout_cave_pools, old_standard_altar, elyvilon_altar_3,
          erik_lair_orcish_takeover
D:10:     layout_cave_pools, nicolae_sif_muna_little_library
D:11:     nicolae_BIG_FREAKIN_CUBE, layout_basic
D:12:     layout_irregular_city, gauntlet_entry_generic
D:13:     layout_layer_cave
D:14:     layout_small_grid, hellmonk_vaults_order_and_chaos, serial_shops,
          nicolae_shop_tiny_waterfront, infiniplex_staircase_pool_1,
          evilmike_minifort
D:15:     gammafunk_depths_entry_grave, layout_basic, hangedman_decor_riveting
Lair:1:   layout_small_grid, serial_bayou_shore_b, grunt_megastairs_2
Lair:2:   layout_regular_city, minmay_shoals_entry_beasts,
          nicolae_quartered_pool_impasse, serial_bayou_shore_b,
          lemuel_fruit_fields, lemuel_fruit_fields, infiniplex_staircase_pool,
          lemuel_fruit_tree, lemuel_fruit_fields, serial_bayou_shore_b,
          uniq_fannar
Lair:3:   layout_cave_pods, nicolae_spider_entry_lesser_pyramids,
          ebering_ghost_inner_flame
Lair:4:   layout_regular_city, slime_entry_2,
          portal_ice_cave_entry_ice_simulacra, st_stairs_9
Lair:5:   hellmonk_lair_end_abyssal_woods, layout_cave_shapes
Shoals:1: layout_shoals, hangedman_shoal_volcano
Shoals:2: layout_shoals, lemuel_centaur_altar
Shoals:3: layout_shoals, serial_shops, nicolae_shop_rolling_square,
          nicolae_shoals_aquamancer_cove
Shoals:4: shoals_end_hangedman, layout_shoals, shoal_ilsuiw, serial_shops,
          bzr_entry_road, nicolae_shoals_seven_spires
Spider:1: layout_spider_delve, uniq_rupert
Spider:2: layout_spider_delve, hellmonk_deceptive_appearances, uniq_arachne
Spider:3: layout_spider_delve, drop_trap
Spider:4: guppyfry_spider_rune, drop_trap
Orc:1:    layout_diamond_mine, enter_volcano_4
Orc:2:    pf_orc_diabolical, layout_diamond_mine
Elf:1:    elf_arrival_002, layout_gridlike, serial_shops, shop,
          minmay_elf_necromancy, corexii_leaking_fountain,
          nicolae_concentric_dashed_squares_wild
Elf:2:    nicolae_elf_blades_crystal_corner, layout_loops_cross, serial_shops,
          nicolae_shop_advertising_works [nicolae_subvault_shop_adworks]
Elf:3:    elf_hall, layout_geoelf_octagon, serial_shops,
          nicolae_shop_hallway_plus, nicolae_elf_crossing_hall
Vaults:1: nicolae_vaults_shrinking_rooms_1, hangedman_vaults_corner_blocks,
          vaults_room_semicircle, nicolae_vaults_steering_wheel,
          kennysheep_ogre_elephant_herders, nicolae_vaults_angled_halls,
          vaults_room_door_ring, hangedman_vaults_locks,
          nicolae_vaults_apartment_2, vaults_mumra_hexcomb, v_misc_27,
          grunt_vaults_hallway_long, nicolae_vaults_wrenched,
          layout_vaults_maze_bifur, serial_shops, nicolae_shop_mannequins, shop,
          shop, nicolae_shop_gaudy_bauble,
          nicolae_shop_competitors_out_of_business
Vaults:2: gammafunk_ghost_mausoleum, ontoclasm_vaults_claustrophobia,
          minmay_guarded_unrand_guard, nicolae_vaults_twisting_passages,
          v_pattern_1, vaults_room_fancy_cross, hangedman_vaults_hat, v_misc_24,
          dpeg_vaults_monster_box, nicolae_vaults_little_squares_3,
          nicolae_vaults_tetromino_Z_1, layout_vaults_big_room
Vaults:3: v_misc_22, v_alt_pattern_4, hangedman_vaults_stagger,
          nicolae_vaults_prndl, vaults_room_fours, nicolae_vaults_swerve,
          nicolae_vaults_house_2, nicolae_vaults_sesquioval_fish,
          minmay_crypt_entry_necro_gods, v_pattern_3,
          hangedman_vaults_corner_blocks, nicolae_vaults_apartment_2,
          hangedman_vaults_trim, ontoclasm_vaults_loading_screen,
          nicolae_vaults_little_ls, nicolae_vaults_sesquioval_fish, v_misc_24,
          layout_vaults_omnicross, serial_shops, nicolae_shop_trees,
          uniq_bai_suzhen
Vaults:4: gammafunk_ghost_spectres, hangedman_vaults_stretched_pinwheel,
          nicolae_vaults_trapezoid_1, nicolae_vaults_closet_pinwheel_3,
          nicolae_vaults_more_shelving_2, hangedman_vaults_corner,
          nicolae_vaults_turnstiles, nicolae_vaults_angled_halls,
          grunt_vaults_focal, vaults_room_fours, nicolae_vaults_heist,
          nicolae_vaults_diagonal_hallway_6, layout_vaults_ring, serial_shops,
          nicolae_diamond_shop
Vaults:5: uniq_boris, uniq_margery, uniq_xtahua
Crypt:1:  layout_gridlike
Crypt:2:  layout_catacombs, gammafunk_ghost_grave, weyrava_vampire_temple
Depths:1: minmay_spriggan_fort, layout_gridlike, hell_entry,
          nicolae_concentric_dashed_squares_mild, enter_trove_2,
          tso_oasis_becter
Depths:2: cell_vault, layout_basic, enter_ziggurat_a, hell_entry, serial_shops,
          shop, hangedman_ru_absence, grunt_pan_entry_zigzag,
          lemuel_nasty_fountain, kennysheep_random_hallway, uniq_vv,
          uniq_enchantress, uniq_josephina
Depths:3: gammafunk_jiyva_shrine, layout_cross, abyss_entry,
          serial_column_ruins, column_ruins_portal_squares,
          column_ruins_open_tiny, column_ruins_columns_straight,
          column_ruins_corridor_straight, hell_entry, serial_shops,
          nicolae_shop_gibbet_a_chance, roderic_serpentine_path,
          lightli_fourway_metalbox
Depths:4: hangedman_slaughterboxes, hell_entry
Hell
Zot:1:    lemuel_draconian_sentries, layout_concentric_octagons,
          lemuel_baited_zot_trap
Zot:2:    layout_basic, ebering_ghost_disaster_area,
          regret_index_zotdec_decaying_basic
Zot:3:    layout_onion, hellmonk_body_bag, regret_index_zotdec_twisting_globes
Zot:4:    layout_misc_corridors
Zot:5:    layout_concentric_octagons

Skill      XL: |  1  2  3  4  5  6  7  8  9 10 11 12 13 14 15 16 17 18 19 20 21 22 23 24 25 26 27 |
---------------+----------------------------------------------------------------------------------+-----
Fighting       | 3 4 5 6 8 9 10 12 14 15 17 18 20 22 25 27 | 27.0
Maces & Flails | 1 4 6 8 10 12 13 14 15 16 | 16.0
Invocations    | 3 8 11 13 20 | 20.4
Armour         | 3 5 10 11 13 | 13.5
Throwing       | 4 8 11 12 14 16 18 21 | 21.4
Shields        | 9 10 11 12 13 | 13.5
Dodging        | 4 |  4.5
Spellcasting   | 3 8 9 13 15 16 21 | 21.1
Hexes          | 3 7 8 10 | 10.9
Translocations | 3 7 8 11 12 13 15 16 | 16.7
Evocations     | 1 |  1.6
Air Magic      | 3 6 |  6.6
Short Blades   | |  1.7
Stealth        | |  2.9

Action                     |  1- 3 |  4- 6 |  7- 9 | 10-12 | 13-15 | 16-18 | 19-21 | 22-24 | 25-27 || total
---------------------------+-------+-------+-------+-------+-------+-------+-------+-------+-------++-------
  Melee: Dagger            |   104 |       |       |       |       |       |       |       |       ||   104
         Headbutt          |    10 |    41 |    60 |    77 |   253 |   243 |   259 |   200 |   107 ||  1250
         Whip              |     1 |   175 |   155 |       |       |       |       |       |       ||   331
         Punch             |       |     2 |     2 |     1 |       |       |       |       |       ||     5
         Flail             |       |       |   103 |    95 |       |       |       |       |       ||   198
         Dire flail        |       |       |       |   280 |   872 |    26 |       |       |       ||  1178
         Morningstar       |       |       |       |       |       |   888 |   877 |  1081 |  1047 ||  3893
  Throw: Dart              |    15 |    10 |    11 |    18 |     5 |       |       |       |       ||    59
         Boomerang         |       |       |     4 |       |     3 |   108 |       |     3 |       ||   118
         Javelin           |       |       |       |       |       |    10 |       |       |    31 ||    41
         Large rock        |       |       |       |       |       |    39 |    88 |   158 |   166 ||   451
   Cast: Tukima's Dance    |       |       |       |       |       |       |     3 |       |       ||     3
         Lesser Beckoning  |       |       |       |       |       |       |     6 |     1 |    30 ||    37
         Manifold Assault  |       |       |       |       |       |       |    17 |   224 |   377 ||   618
         Dimensional Bulls |       |       |       |       |       |       |       |    15 |     9 ||    24
         Passage of Golubr |       |       |       |       |       |       |       |     5 |     5 ||    10
         Apportation       |       |       |       |       |       |       |       |       |     2 ||     2
         Vhi's Electric Ch |       |       |       |       |       |       |       |       |     1 ||     1
 Invoke: Recall Ancestor   |       |       |    13 |     5 |    10 |    11 |    15 |    16 |    17 ||    87
         Ancestor Life: Ba |       |       |     1 |       |       |       |       |       |       ||     1
         Idealise          |       |       |       |       |     2 |     8 |     4 |     4 |    13 ||    31
         Transference      |       |       |       |       |       |       |       |       |     1 ||     1
  Evoke: Wand              |       |       |     3 |     7 |     2 |     2 |     4 |     2 |    11 ||    31
         Phantom mirror    |       |       |       |       |       |       |       |       |     1 ||     1
    Use: Scroll            |       |       |     6 |     7 |     3 |    24 |     4 |     7 |    29 ||    80
         Potion            |       |       |     1 |     6 |     2 |     9 |     9 |     2 |    31 ||    60
   Stab: Sleeping          |     7 |     4 |     3 |       |       |       |       |       |       ||    14
         Distracted        |       |       |     3 |     7 |    15 |    14 |    20 |    13 |    11 ||    83
         Invisible         |       |       |       |     2 |       |       |     3 |       |       ||     5
 Armour: Robe              |    61 |    93 |   203 |    16 |       |       |       |       |       ||   373
         Steam dragon scal |       |       |       |    64 |       |       |       |       |       ||    64
         Ice dragon scales |       |       |       |   276 |   787 |  1066 |   951 |   640 |    45 ||  3765
         Gold dragon scale |       |       |       |       |       |       |       |       |   630 ||   630
  Dodge: Dodged            |    51 |    57 |   106 |   112 |   240 |   291 |   233 |   214 |   115 ||  1419
  Block: Kite shield       |       |       |       |       |       |   491 |   495 |   319 |   556 ||  1861
         Reflection        |       |       |       |       |       |       |       |       |    31 ||    31
